 Dungeon Crawl Stone Soup version 0.31-a0-174-g85c54bcb58 (webtiles) character file.

Game seed: 2761567181653169802

1492 qw the Skirmisher (level 8, -2/74 HPs)
             Began as a Naga Hunter on June 15, 2023.
             Slain by a gnoll
             ... wielding a +0 club
             ... led by a gnoll sergeant
              (3 damage)
             ... on level 6 of the Dungeon.
             The game lasted 00:01:37 (4602 turns).

qw the Skirmisher (Naga Hunter)                     Turns: 4602, Time: 00:01:38

Health: -2/74      AC:  4    Str: 15    XL:     8   Next: 80%
Magic:  0/8        EV: 11    Int:  9    God:
Gold:   314        SH:  0    Dex: 22    Spells: 7/7 levels left

rFire   + . .        l - +0 shortbow (heavy)
rCold   . . .        (shield currently unavailable)
rNeg    . . .        c - +0 leather armour
rPois   +            (no helmet)
rElec   .            (no cloak)
rCorr   .            (no gloves)
SInv    +            (no barding)
Will    +....        h - amulet of guardian spirit
Stlth   ++           a - +6 ring of dexterity
HPRegen 0.32/turn    f - ring of protection from fire
MPRegen 0.11/turn

%: guardian spirit
@: about to teleport, short of breath, very slow
A: AC +2, large, see invisible, deformed body, poison resistance, slowness 2,
spit poison 1, naga tail 1
a: Spit Poison


You were on level 6 of the Dungeon.
You visited 2 branches of the dungeon, and saw 7 of its levels.

You collected 314 gold pieces.


Innate Abilities, Weirdness & Mutations

Your serpentine skin is tough. (AC +2)
You have supernaturally acute eyesight. (SInv)
Armour fits poorly on your strangely shaped body.
Your system is resistant to poisons. (rPois)
You cover ground very slowly.
You can spit poison.
You have a snake-like lower body.


   Skills:
 + Level 5.1 Fighting
 - Level 9.0 Ranged Weapons
 - Level 3.1 Dodging
 - Level 1.5 Stealth


You had 7 spell levels left.
You didn't know any spells.
Your spell library was empty.

Inventory:

Hand Weapons
 l - a +0 heavy shortbow (weapon)
Armour
 c - a +0 leather armour (worn)
Jewellery
 a - a +6 ring of dexterity (left hand)
 f - a ring of protection from fire (right hand)
 h - an amulet of guardian spirit (around neck)
 Y - a ring of willpower
Scrolls
 e - a scroll of identify
 g - 3 scrolls of teleportation
Potions
 b - a potion of haste
 d - a potion of attraction {unknown}
 i - 4 potions of curing
 n - a potion of mutation

Dungeon Overview and Level Annotations

Branches:
Dungeon (6/15)             Temple (1/1) D:6

Altars:
Cheibriados
Dithmenos
Elyvilon
Fedhas
Gozag
Hepliaklqana
Makhleb
Nemelex Xobeh
Qazlal
Ru
Sif Muna
Trog
Uskayaw
Vehumet
Wu Jian
Xom
Yredelemnul
Zin
The Shining One

Shops:
D:1 !


Message History

The splash of poison misses the troll.
The jelly closely misses you. The troll bites you!
The troll claws you but does no damage. The troll barely misses you.
You shoot an arrow. The arrow hits the troll!!
You kill the troll!
The jelly hits you.
You are splashed with acid!
You shoot an arrow. The arrow hits the jelly!!
You kill the jelly!
Your surroundings suddenly seem different.
A gnoll sergeant and 3 gnolls come into view.
Found a smoky amethyst potion.
You have got your breath back.
The gnoll sergeant shouts!
Your Ranged Weapons skill increases to level 9!
Enter note:
Enter note:
Enter note:
Enter note:
Enter note:
Enter note:
Enter note:
Enter note:
Enter note:
Enter note:
Enter note:
Enter note:
Enter note:
Enter note:
Enter note:
4601 ||| READING 4 scrolls of teleportation.
As you read the scroll of teleportation, it crumbles to dust.
You feel strangely unstable.
The gnoll shouts! x2
The gnoll sergeant hits you from afar with a +0 spear.
4602 ||| INVOKING Spit Poison.
Aiming: Spit Poison (1% risk of failure)
Press: ? - help, Shift-Dir - straight line, f - gnoll The splash of poison misses the gnoll.
The gnoll hits you with a +0 club.
You die...

#......(..#
....
#.....<...#
.........
#..........#
.........
#..........#
........!
#........>.#
#........
#.........##
#...g....
#.........#
#.gg.....
#......#..#
#g.......
#.....# ..#
#@.......
######..#


You could see a gnoll sergeant and 3 gnolls.

Vanquished Creatures
  A troll (D:6)
  2 ogres
  A centaur (D:6)
  A phantom (D:5)
  7 scorpions
  3 jellies
  2 hounds
  An orc priest (D:3)
  3 sleepcaps
  2 iguanas (D:5)
  An orc wizard (D:6)
  9 adders
  3 gnolls (D:5)
  A worm (D:2)
  A dart slug (D:1)
  9 orcs
  2 endoplasms (D:2)
  8 giant cockroaches
  5 goblins
  6 hobgoblins
  4 jackals (D:3)
  7 quokkas
  2 ball pythons (D:1)
  6 bats
  2 frilled lizards (D:1)
  11 kobolds
  5 rats
105 creatures vanquished.

Notes
Turn   | Place    | Note
-------+----------+-------------------------------------------
     0 | D:1      | qw the Naga Hunter began the quest for the Orb.
     0 | D:1      | Reached XP level 1. HP: 19/19 MP: 1/1
     0 | D:1      | 0 ||| qw: Version: 0.2-a-29-g511e9b1
     0 | D:1      | 0 ||| qw: Game counter: 5555
     0 | D:1      | 0 ||| qw: Always use a shield: true
     0 | D:1      | 0 ||| qw: God list: Okawaru
     0 | D:1      | 0 ||| qw: Allow faded altars: false
     0 | D:1      | 0 ||| qw: Do Orc after D:15 true
     0 | D:1      | 0 ||| qw: Do second Lair branch before Depths: true
     0 | D:1      | 0 ||| qw: Lair rune preference: random
     0 | D:1      | 0 ||| qw: Plans: Normal
     0 | D:1      | 0 ||| PLANNING D:1-11
    32 | D:1      | Found Deaq's Distillery.
    37 | D:1      | 37 ||| INVOKING Spit Poison.
    41 | D:1      | 41 ||| INVOKING Spit Poison.
    42 | D:1      | 42 ||| INVOKING Spit Poison.
    46 | D:1      | 46 ||| INVOKING Spit Poison.
    61 | D:1      | 61 ||| SHOPLISTING 2 potions of curing (66 gold, have 12).
    61 | D:1      | 61 ||| SHOPLISTING potion of cancellation (88 gold, have
                  | 12).
    61 | D:1      | 61 ||| SHOPLISTING potion of curing (33 gold, have 12).
    61 | D:1      | 61 ||| SHOPLISTING potion of haste (110 gold, have 12).
    61 | D:1      | 61 ||| SHOPLISTING potion of heal wounds (55 gold, have
                  | 12).
    61 | D:1      | 61 ||| SHOPLISTING potion of might (44 gold, have 12).
    76 | D:1      | 76 ||| INVOKING Spit Poison.
    79 | D:1      | 79 ||| INVOKING Spit Poison.
   103 | D:1      | 103 ||| INVOKING Spit Poison.
   104 | D:1      | Reached skill level 4 in Ranged Weapons
   104 | D:1      | Reached XP level 2. HP: 26/26 MP: 2/2
   111 | D:1      | 111 ||| INVOKING Spit Poison.
   116 | D:1      | 116 ||| INVOKING Spit Poison.
   119 | D:1      | 119 ||| INVOKING Spit Poison.
   123 | D:1      | HP: 6/26 [kobold/+0 dagger (2)]
   124 | D:1      | 124 ||| INVOKING Spit Poison.
   125 | D:1      | HP: 1/26 [frilled lizard (2)]
   129 | D:1      | 129 ||| INVOKING Spit Poison.
   234 | D:1      | 234 ||| INVOKING Spit Poison.
   248 | D:1      | 248 ||| INVOKING Spit Poison.
   255 | D:1      | 255 ||| INVOKING Spit Poison.
   258 | D:1      | 258 ||| INVOKING Spit Poison.
   272 | D:1      | 272 ||| INVOKING Spit Poison.
   304 | D:1      | 304 ||| INVOKING Spit Poison.
   331 | D:1      | 331 ||| INVOKING Spit Poison.
   332 | D:1      | Reached XP level 3. HP: 32/32 MP: 3/3
   402 | D:1      | 402 ||| INVOKING Spit Poison.
   406 | D:1      | 406 ||| INVOKING Spit Poison.
   420 | D:1      | 420 ||| INVOKING Spit Poison.
   471 | D:1      | Found a faded altar of an unknown god.
   509 | D:1      | 509 ||| UPGRADING to ring of protection from fire.
   510 | D:1      | 510 ||| READING scroll labelled ZINAMA GOAXAI.
   511 | D:1      | 511 ||| READING scroll labelled GUYXIS DORCH.
   512 | D:1      | 512 ||| READING scroll labelled BEXYMI AMMOCZI.
   513 | D:1      | 513 ||| READING scroll labelled ATRYGE HEDUV.
   518 | D:1      | 518 ||| READING scroll labelled GOGRYRE GARIDU.
   519 | D:1      | 519 ||| READING scroll labelled WORYUR XOSENAPTUY.
   520 | D:1      | 520 ||| DROPPING scroll of butterflies.
   649 | D:2      | 649 ||| INVOKING Spit Poison.
   736 | D:2      | 736 ||| INVOKING Spit Poison.
   744 | D:2      | 744 ||| INVOKING Spit Poison.
   745 | D:2      | Noticed a scorpion
   747 | D:2      | 747 ||| INVOKING Spit Poison.
   752 | D:2      | 752 ||| INVOKING Spit Poison.
   752 | D:2      | HP: 6/32 [scorpion (3)]
   754 | D:2      | Killed a scorpion
   755 | D:2      | Reached skill level 5 in Ranged Weapons
   755 | D:2      | Reached XP level 4. HP: 4/39 MP: 4/4
   857 | D:2      | 857 ||| INVOKING Spit Poison.
   960 | D:2      | 960 ||| INVOKING Spit Poison.
   963 | D:2      | 963 ||| INVOKING Spit Poison.
   964 | D:2      | Reached XP level 5. HP: 45/45 MP: 5/5
   966 | D:2      | 966 ||| INVOKING Spit Poison.
  1047 | D:2      | 1047 ||| INVOKING Spit Poison.
  1178 | D:2      | 1178 ||| INVOKING Spit Poison.
  1183 | D:2      | 1183 ||| INVOKING Spit Poison.
  1186 | D:2      | 1186 ||| INVOKING Spit Poison.
  1227 | D:2      | 1227 ||| INVOKING Spit Poison.
  1228 | D:2      | Reached skill level 3 in Fighting
  1268 | D:2      | 1268 ||| INVOKING Spit Poison.
  1271 | D:2      | 1271 ||| INVOKING Spit Poison.
  1276 | D:2      | 1276 ||| INVOKING Spit Poison.
  1435 | D:2      | 1435 ||| UPGRADING to ring of willpower.
  1436 | D:2      | 1436 ||| READING scroll labelled VIEPTU KERRIMU.
  1437 | D:2      | 1437 ||| DRINKING 4 inky potions.
  1438 | D:2      | 1438 ||| DRINKING 2 smoky emerald potions.
  1439 | D:2      | 1439 ||| READING 2 scrolls of identify.
  1439 | D:2      | 1439 ||| IDENTIFYING orange potion
  1440 | D:2      | 1440 ||| DROPPING potion of lignification.
  1441 | D:2      | 1441 ||| DROPPING potion of brilliance.
  1569 | D:3      | 1569 ||| INVOKING Spit Poison.
  1572 | D:3      | 1572 ||| INVOKING Spit Poison.
  1774 | D:3      | 1774 ||| INVOKING Spit Poison.
  1778 | D:3      | 1778 ||| INVOKING Spit Poison.
  1783 | D:3      | 1783 ||| INVOKING Spit Poison.
  1786 | D:3      | 1786 ||| INVOKING Spit Poison.
  1915 | D:3      | 1915 ||| INVOKING Spit Poison.
  2433 | D:3      | 2433 ||| READING scroll labelled RUACATI DUJYEN.
  2434 | D:3      | 2434 ||| READING scroll labelled YXICUMO AQEIS.
  2435 | D:3      | 2435 ||| READING scroll labelled POTA UKKIL.
  2436 | D:3      | 2436 ||| READING scroll labelled KICAPIBENEA.
  2437 | D:3      | 2437 ||| DRINKING 2 cyan potions.
  2457 | D:4      | 2457 ||| INVOKING Spit Poison.
  2499 | D:4      | 2499 ||| INVOKING Spit Poison.
  2504 | D:4      | 2504 ||| INVOKING Spit Poison.
  2505 | D:4      | Reached skill level 6 in Ranged Weapons
  2505 | D:4      | Reached XP level 6. HP: 52/56 MP: 6/6
  2508 | D:4      | 2508 ||| INVOKING Spit Poison.
  2615 | D:4      | 2615 ||| INVOKING Spit Poison.
  2710 | D:4      | 2710 ||| INVOKING Spit Poison.
  2969 | D:4      | 2969 ||| INVOKING Spit Poison.
  3111 | D:4      | 3111 ||| READING scroll labelled NUOMOI KIOFORR.
  3112 | D:4      | 3112 ||| DRINKING 2 grey potions.
  3217 | D:4      | 3217 ||| READING 4 scrolls of identify.
  3217 | D:4      | 3217 ||| IDENTIFYING amethyst potion
  3218 | D:4      | 3218 ||| READING 3 scrolls of identify.
  3218 | D:4      | 3218 ||| IDENTIFYING lumpy emerald potion
  3219 | D:4      | 3219 ||| READING 2 scrolls of identify.
  3219 | D:4      | 3219 ||| IDENTIFYING viscous white potion
  3220 | D:4      | 3220 ||| DROPPING potion of enlightenment.
  3221 | D:4      | 3221 ||| DROPPING potion of invisibility.
  3222 | D:4      | 3222 ||| DROPPING potion of berserk rage.
  3237 | D:5      | Entered Level 5 of the Dungeon
  3261 | D:5      | 3261 ||| INVOKING Spit Poison.
  3264 | D:5      | 3264 ||| INVOKING Spit Poison.
  3270 | D:5      | Found a sparkling altar of Nemelex Xobeh.
  3285 | D:5      | Reached XP level 7. HP: 66/66 MP: 7/7
  3287 | D:5      | 3287 ||| INVOKING Spit Poison.
  3291 | D:5      | 3291 ||| INVOKING Spit Poison.
  3325 | D:5      | 3325 ||| INVOKING Spit Poison.
  3329 | D:5      | Reached skill level 7 in Ranged Weapons
  3348 | D:5      | 3348 ||| INVOKING Spit Poison.
  3356 | D:5      | 3356 ||| INVOKING Spit Poison.
  3392 | D:5      | 3392 ||| INVOKING Spit Poison.
  3395 | D:5      | 3395 ||| INVOKING Spit Poison.
  3398 | D:5      | Found a blossoming altar of Fedhas.
  3470 | D:5      | 3470 ||| INVOKING Spit Poison.
  3581 | D:5      | 3581 ||| INVOKING Spit Poison.
  3586 | D:5      | 3586 ||| INVOKING Spit Poison.
  3613 | D:5      | 3613 ||| INVOKING Spit Poison.
  3643 | D:5      | 3643 ||| INVOKING Spit Poison.
  3773 | D:5      | 3773 ||| UPGRADING to +6 ring of dexterity.
  3775 | D:5      | 3775 ||| UPGRADING to ring of protection from fire.
  3777 | D:5      | 3777 ||| READING 3 scrolls of identify.
  3777 | D:5      | 3777 ||| IDENTIFYING fizzy emerald potion
  3778 | D:5      | 3778 ||| READING 2 scrolls of identify.
  3778 | D:5      | 3778 ||| IDENTIFYING sapphire potion
  3779 | D:5      | 3779 ||| DROPPING potion of magic.
  3827 | D:6      | 3827 ||| INVOKING Spit Poison.
  3837 | D:6      | 3837 ||| INVOKING Spit Poison.
  3838 | D:6      | Reached XP level 8. HP: 73/73 MP: 8/8
  3842 | D:6      | 3842 ||| INVOKING Spit Poison.
  3869 | D:6      | Reached skill level 8 in Ranged Weapons
  3931 | D:6      | 3931 ||| INVOKING Spit Poison.
  3934 | D:6      | Reached skill level 3 in Dodging
  3986 | D:6      | 3986 ||| INVOKING Spit Poison.
  3991 | D:6      | 3991 ||| INVOKING Spit Poison.
  4033 | D:6      | 4033 ||| INVOKING Spit Poison.
  4356 | D:6      | Found a staircase to the Ecumenical Temple.
  4357 | D:6      | 4357 ||| PLANNING TEMPLE
  4357 | D:6      | 4357 ||| UPGRADING to amulet of guardian spirit.
  4369 | Temple   | Entered the Ecumenical Temple
  4497 | Temple   | 4497 ||| PLANNING D:1-11
  4587 | D:6      | 4587 ||| INVOKING Spit Poison.
  4587 | D:6      | Noticed a troll
  4591 | D:6      | 4591 ||| INVOKING Spit Poison.
  4595 | D:6      | HP: 16/74 [troll (10)]
  4596 | D:6      | 4596 ||| READING 5 scrolls of teleportation.
  4596 | D:6      | HP: 7/74 [troll (9)]
  4597 | D:6      | 4597 ||| DRINKING potion of heal wounds.
  4598 | D:6      | 4598 ||| INVOKING Spit Poison.
  4599 | D:6      | Killed a troll
  4599 | D:6      | HP: 2/74 [acid (7)]
  4601 | D:6      | Reached skill level 9 in Ranged Weapons
  4601 | D:6      | 4601 ||| READING 4 scrolls of teleportation.
  4602 | D:6      | 4602 ||| INVOKING Spit Poison.
  4602 | D:6      | Slain by a gnoll

Levels and vault maps discovered:
D:1:      dpeg_arrival_shrine, layout_rooms, shapermc_ecumenical_altar_petra,
          serial_shops, nicolae_shop_hallway_stairs
D:2:      minmay_razor_zed, layout_loops_ring
D:3:      layout_basic
D:4:      layout_basic, minivault_4
D:5:      layout_cave_pools, nemelex_xobeh_ov_fountains_minmay,
          mainiacjoe_overflow_small_starburst
D:6:      layout_cave_pods, temple_green, wad_floor_pattern_1
Temple:   minmay_crystal_spiral_temple

Skill      XL: |  1  2  3  4  5  6  7  8 |
---------------+-------------------------+-----
Ranged Weapons | 4 5 6 7 9 |  9.0
Fighting       | 3 4 5 |  5.1
Dodging        | 2 3 |  3.1
Stealth        | |  1.5

Action                     |  1- 3 |  4- 6 |  7- 9 || total
---------------------------+-------+-------+-------++-------
   Fire: Shortbow          |    65 |    66 |    75 ||   206
Ability: Spit Poison       |    26 |    28 |    23 ||    77
    Use: Scroll            |     6 |    10 |     4 ||    20
         Potion            |       |     4 |     1 ||     5
 Armour: Leather armour    |     9 |    13 |     6 ||    28
  Dodge: Dodged            |    31 |    23 |    30 ||    84

Table legend:
 A = Non-vault XP
 B = Vault XP
 C = Vault XP percentage of total XP
 D = Non-vault monster count
 E = Vault monster count
 F = Vault count percentage of total count
                 A         B        C        D         E       F
            +---------+---------+-------+---------+---------+-------
      Total |    2015 |     117 |   5.5 |      93 |      12 |  11.4
            +---------+---------+-------+---------+---------+-------
        D:1 |      40 |       0 |   0.0 |      24 |       0 |   0.0
        D:2 |      70 |     117 |  62.6 |      14 |      12 |  46.2
        D:3 |      60 |       0 |   0.0 |      10 |       0 |   0.0
        D:4 |     196 |       0 |   0.0 |      12 |       0 |   0.0
        D:5 |     599 |       0 |   0.0 |      18 |       0 |   0.0
        D:6 |    1050 |       0 |   0.0 |      15 |       0 |   0.0
            +---------+---------+-------+---------+---------+-------
